 Dungeon Sprint DCSS version 0.30.1-3-gfc49f6343a (webtiles) character file.

Game seed: 9916980054057767384

43187 boopmooplesden the Warrior (level 13, -7/127 HPs)
             Began as a Demonspawn Gladiator on July 28, 2023.
             Was the Champion of Trog.
             Killed from afar by a storm dragon (11 damage)
             ... with a bolt of lightning
             ... in the Dungeon (Sprint II: "The Violet Keep of Menkaure").
             The game lasted 00:26:21 (4068 turns).

boopmooplesden the Warrior (Demonspawn Gladiator)   Turns: 4068, Time: 00:26:22

Health: -7/127     AC: 21    Str: 28    XL:     13   Next: 89%
Magic:  0/4        EV: 22    Int: 10    God:    Trog [******]
Gold:   1830       SH:  0    Dex: 13    Spells: 12/12 levels left

rFire   + + +        F - +8 quarterstaff of the Candelabrum {antimagic, Dex+4 SInv}
rCold   + + +        (shield currently unavailable)
rNeg    + + +        H - +1 ice dragon scales
rPois   +            E - +2 hood of the Assassin {Detect Stab+ Stlth++}
rElec   .            w - scarf {rC+ rF+}
rCorr   +            J - +1 pair of gloves of Minor Irritation {rF+ Str+7}
SInv    +            n - +0 pair of boots of Hoatulyr {rCorr Str+5 Dex-5 Stlth+}
Will    ++...        t - amulet "Joumiucs" {Spirit -Tele rF+ rN+++ Regen+}
Stlth   ++++++++++   r - ring of protection from fire
HPRegen 2.21/turn    I - ring of Shadows {Umbra +Inv Stlth+}
MPRegen 0.09/turn

%: no teleportation, random rage (3%), guardian spirit
@: mighty, agile, strong-willed, on berserk cooldown, regenerating, slowed,
wreathed by umbra, unable to read, very slow
A: yellow scales 3, demonic guardian 2, powered by pain 1, weakness stinger 2,
hooves 1, berserk 1, cold resistance 1, deformed body, poison resistance, weak
2, subdued magic 3, inability to read after injury 1
a: Renounce Religion, Evoke Invisibility, Berserk, Trog's Hand, Brothers in Arms


You were in the Dungeon.
You worshipped Trog.
Trog was exalted by your worship.
You visited 1 branch You collected 4418 gold pieces.
You spent 2588 gold pieces at shops.

Inventory:

Hand Weapons
 a - a +0 quarterstaff
 m - a +2 sling of draining
 v - a +2 antimagic quarterstaff
 B - the +9 quarterstaff "Luqeciump" {venom, Contam Dex+5}
   (You bought it in a shop in the Dungeon)

   Dex:       It affects your dexterity (+5).
   Contam:    It causes magical contamination when unequipped.
 F - the +8 quarterstaff of the Candelabrum (weapon) {antimagic, Dex+4 SInv}
   (Trog gifted it to you in the Dungeon)

   Dex:       It affects your dexterity (+4).
   SInv:      It lets you see invisible.
 N - a +2 quarterstaff of flaming
 P - a +6 heavy quarterstaff
 W - a +3 lajatang
Missiles
 d - 3 throwing nets (quivered)
 e - a javelin
Armour
 b - a +0 leather armour
 c - a +1 helmet
 h - the +2 leather armour "Yvin Ivu" {Fly}
   (You bought it in a shop in the Dungeon)

   Fly:       It grants you flight.
 l - a +2 pair of gloves of dexterity
 n - the +0 pair of boots of Hoatulyr (worn) {rCorr Str+5 Dex-5 Stlth+}
   (You found it in the Dungeon)

   Str:       It affects your strength (+5).
   Dex:       It affects your dexterity (-5).
   rCorr:     It protects you from acid and corrosion.
   Stlth:     It makes you more stealthy.
 o - the +0 ring mail "Kytey" {rPois Int+3}
   (You bought it in a shop in the Dungeon)

   Int:       It affects your intelligence (+3).
   rPois:     It protects you from poison.
 w - a scarf of resistance (worn)
 y - the +0 ring mail of Generosity {rPois Regen+ rCorr Int-4}
   (You bought it in a shop in the Dungeon)

   Int:       It affects your intelligence (-4).
   rPois:     It protects you from poison.
   Regen:     It increases your rate of health regeneration.
   rCorr:     It protects you from acid and corrosion.
 E - the +2 hood of the Assassin (worn) {Detect Stab+ Stlth++}
   (You bought it in a shop in the Dungeon)

   Detect:    It allows the wearer to sense nearby creatures.
   Stab+:     It allows the wearer to make particularly effective stabbing
   attacks against helpless or unaware enemies with any weapon.
   Stlth:     It makes you much more stealthy.
 H - +1 ice dragon scales (worn)
 J - the +1 pair of gloves of Minor Irritation (worn) {rF+ Str+7}
   (You found it in the Dungeon)

   Str:       It affects your strength (+7).
   rF:        It protects you from fire.
 M - the +2 pair of gloves "Feehusemm" {MP+9 Int+2}
   (You found it in the Dungeon)

   Int:       It affects your intelligence (+2).
   MP:        It affects your magic capacity (+9).
 T - the +1 chain mail "Feaggaox" {-Cast Harm Dex+7}
   (You found it in the Dungeon)

   Dex:       It affects your dexterity (+7).
   -Cast:     It prevents spellcasting.
   Harm:      It increases damage dealt and taken.
Jewellery
 r - a ring of protection from fire (left hand)
 t - the amulet "Joumiucs" (around neck) {Spirit -Tele rF+ rN+++ Regen+}
   (You found it in the Dungeon)

   [amulet of guardian spirit]

   It causes incoming damage to be divided between your reserves of health and
   magic.
   rF:        It protects you from fire.
   rN:        It renders you almost immune to negative energy.
   -Tele:     It prevents most forms of teleportation.
   Regen:     It increases your rate of health regeneration.
 A - an amulet of regeneration
 I - the ring of Shadows (right hand) {Umbra +Inv Stlth+}
   (You found it in the Dungeon)

   [ring of stealth]

   Umbra:     It surrounds you with an aura of shadow, increasing your stealth
   and reducing the accuracy of all others within it.
   +Inv:      It lets you turn invisible.
   Stlth:     It makes you more stealthy.
 K - a +5 ring of evasion
 L - a ring of positive energy
 O - a ring of positive energy
 R - an amulet of faith
 S - a ring of protection from fire
Wands
 G - a wand of quicksilver (11)
Scrolls
 k - 2 scrolls of blinking
 Q - a scroll of acquirement {unknown}
 U - 3 scrolls of identify
Potions
 f - 3 potions of curing
 i - 34 potions of magic
 j - a potion of berserk rage
 p - a potion of ambrosia
 q - a potion of might
 s - a potion of brilliance
 u - a potion of attraction {unknown}
 x - 8 potions of flight
 z - 4 potions of haste
 C - a potion of lignification
 D - 3 potions of experience {unknown}
 X - 25 potions of mutation


   Skills:
 + Level 20.3 Fighting
 + Level 19.9 Staves
 + Level 6.1 Throwing
 + Level 13.2 Armour
 + Level 16.2 Dodging
 + Level 10.8 Stealth


You had 12 spell levels left.
You didn't know any spells.
Your spell library was empty.

Dungeon Overview and Level Annotations

Branches:
Dungeon (1/1)

Altars:
Cheibriados
Dithmenos
Fedhas
Gozag
Hepliaklqana
Kikubaaqudgha
Makhleb
Nemelex Xobeh
Okawaru
Qazlal
Ru
Sif Muna
Trog
Uskayaw
Vehumet
Wu Jian
Xom
Yredelemnul
Jiyva
Lugonu

Shops:
D !*!:::?!::[!(**[*:=[(=[:[[!?[=(!:(*(


Innate Abilities, Weirdness & Mutations

You are completely covered in yellow scales. (AC +4, rCorr)
A demonic guardian rushes to your aid.
You sometimes gain a little power by taking damage.
You have a tail ending in a sharp stinger.
You have large cloven feet.
You sometimes lose your temper in combat.
Your flesh is cold resistant. (rC+)
Armour fits poorly on your strangely shaped body.
Your system is resistant to poisons. (rPois)
You are very weak. (Str -4)
Your spells are much easier to cast, but much less powerful.
You occasionally lose the ability to read scrolls when taking damage.


Message History

The bolt of lightning misses your soul eater.
The bolt of lightning hits you!!
* * * LOW HITPOINT WARNING * * *
You focus on the pain.
You feel your power returning.
Your skin crawls.
You feel strong-willed.
The deep elf high priest says, "You will make a fine sacrifice."
Your soul eater hits the golden dragon!
Something hits your soul eater.
The golden dragon bites your soul eater!!
The golden dragon barely misses your soul eater.
The golden dragon tramples your soul eater but does no damage.
Your soul eater barely misses the golden dragon.
The deep elf high priest hits your soul eater but does no damage.
The golden dragon bites your soul eater.
The golden dragon claws your soul eater but does no damage.
The golden dragon tramples your soul eater but does no damage.
Your soul eater hits the golden dragon!
The golden dragon bites your soul eater!
The golden dragon claws your soul eater but does no damage.
The golden dragon tramples your soul eater but does no damage.
The deep elf high priest invokes the aid of its god against you.
Something smites you!
* * * LOW HITPOINT WARNING * * *
You focus on the pain.
You feel your power returning.
Your soul eater hits the golden dragon.
The deep elf high priest closely misses your soul eater.
The golden dragon closely misses your soul eater.
The golden dragon claws your soul eater but does no damage.
The golden dragon tramples your soul eater but does no damage.
There is an open door, spattered with blood here.
You start resting.
Something bites your soul eater.
Something claws your soul eater but does no damage.
Something tramples your soul eater but does no damage.
You swap places.
The storm dragon breathes lightning at you.
The bolt of lightning misses the golden dragon.
The bolt of lightning hits you!
* * * LOW HITPOINT WARNING * * *
The bolt of lightning hits you!
You die...

######################
#..[...@..#.∩∩∩∩'.'..#
#.....3#De#######~####
#'######'##..####'####
#∩∩∩∩∩∩#D.'.##§.§§§§§##
#∩∩∩∩∩∩#.C###§§§§~.§§§##
#########..'.~~§§§§§~§.#
..##...####.§§§§~§~~##
.CD.....{{~##§§.~§§~##{
############~~#'''#§§'##


You could see a golden dragon (distracted), a storm dragon (catching breath), a
frost giant, a deep elf high priest and a friendly soul eater (summoned).

Vanquished Creatures
  the Lernaean hydra (D)
  A golden dragon (D)
  A deep elf blademaster (D)
  2 sphinxes (D)
  Gastronok (D)
  A kraken (D)
  A storm dragon (D)
  Kirke (D)
  Roxanne (D)
  A draconian knight (D)
  A cacodemon (D)
  Nessos (D)
  A dire elephant (D)
  A yaktaur captain (D)
  A centaur warrior (D)
  2 boulder beetles (D)
  Sonja (D)
  3 sixfirhies (D)
  A skeletal warrior (D)
  2 deep trolls (D)
  A glowing orange brain (D)
  A harpy (D)
  An orange crystal statue (D)
  6 shining eyes (D)
  3 orc sorcerers (D)
  2 manticores (D)
  An elephant (D)
  2 toenail golems (D)
  An oklob plant (D)
  2 slime creatures (D)
  An ice statue (D)
  A merfolk siren (D)
  2 cane toads (D)
  2 unseen horrors (D)
  A kobold demonologist (D)
  A yaktaur (D)
  3 polar bears (D)
  A hornet (D)
  6 flying skulls (D)
  3 yaks (D)
  3 wyverns (D)
  4 neqoxecs (D)
  5 floating eyes (D)
  4 water moccasins (D)
  5 necrophages (D)
  9 electric eels (D)
  4 lava snakes (D)
  A jelly (D)
  4 orc priests (D)
  An iron imp (D)
  A hell rat (D)
  A spectral bat (D)
  4 tentacles (D)
112 creatures vanquished.

Vanquished Creatures (collateral kills)
  A bone dragon (D)
  A hellephant (D)
  A draconian shifter (D)
  An ice dragon (D)
  A manticore (D)
  6 shining eyes (D)
  An eye of devastation (D)
  5 floating eyes (D)
  A spectral giant cockroach (D)
18 creatures vanquished.

Vanquished Creatures (others)
  Menkaure (D)
  A water moccasin (D)
  11 tentacles (D)
13 creatures vanquished.

Grand Total: 143 creatures vanquished

Notes
Turn   | Place    | Note
-------+----------+-------------------------------------------
     0 | D        | boopmooplesden the Demonspawn Gladiator began the quest for
                  | the Orb.
     0 | D        | Reached XP level 1. HP: 16/16 MP: 1/1
     1 | D        | Noticed a merfolk siren
    21 | D        | Killed a merfolk siren
    22 | D        | Reached skill level 5 in Fighting
    22 | D        | Reached skill level 1 in Stealth
    22 | D        | Gained mutation: You are partially covered in yellow
                  | scales. (AC +2) [demonic ancestry]
    22 | D        | Reached XP level 2. HP: 27/27 MP: 2/2
    22 | D        | Reached XP level 3. HP: 33/33 MP: 3/3
    22 | D        | Gained mutation: You sometimes gain a little power by
                  | taking damage. [demonic ancestry]
    22 | D        | Reached XP level 4. HP: 39/39 MP: 4/4
    22 | D        | Reached XP level 5. HP: 44/44 MP: 5/5
    22 | D        | Gained mutation: You are mostly covered in yellow scales.
                  | (AC +3) [demonic ancestry]
    22 | D        | Reached XP level 6. HP: 51/51 MP: 6/6
    41 | D        | Noticed a neqoxec
    41 | D        | Noticed a neqoxec
    41 | D        | Noticed a neqoxec
    41 | D        | Noticed a neqoxec
    42 | D        | Gained mutation: You sometimes lose your temper in combat.
                  | [a neqoxec]
    47 | D        | Gained mutation: You occasionally shout uncontrollably at
                  | your foes. [a neqoxec]
    50 | D        | Gained mutation: You have hidden genetic defects. [a
                  | neqoxec]
    51 | D        | Killed a neqoxec
    51 | D        | Gained mutation: You occasionally lose the ability to drink
                  | potions when taking damage. [a neqoxec]
    54 | D        | Killed a neqoxec
    55 | D        | Reached skill level 6 in Fighting
    55 | D        | Gained mutation: You are completely covered in yellow
                  | scales. (AC +4, rCorr) [demonic ancestry]
    55 | D        | Reached XP level 7. HP: 58/58 MP: 7/7
    63 | D        | Gained mutation: You frequently scream uncontrollably at
                  | your foes. [a neqoxec]
    64 | D        | Killed a neqoxec
    65 | D        | Reached skill level 10 in Staves
    65 | D        | Reached skill level 5 in Throwing
    65 | D        | Reached skill level 1 in Armour
    65 | D        | Gained mutation: Your body sometimes deteriorates upon
                  | taking damage. [hidden defects]
    78 | D        | Killed a neqoxec
    90 | D        | Gained mutation: Your magical capacity is low. (-10% MP)
                  | [hidden defects]
    90 | D        | Lost mutation: You have hidden genetic defects. [hidden
                  | defects expressed]
    92 | D        | Killed Menkaure
   231 | D        | Reached skill level 7 in Fighting
   231 | D        | Gained mutation: You have a small tail. [demonic ancestry]
   231 | D        | Reached XP level 8. HP: 62/67 MP: 7/7
   239 | D        | Noticed a boulder beetle
   239 | D        | Noticed a boulder beetle
   315 | D        | Noticed an ice statue
   320 | D        | Found Addy's Jewellery Shop.
   322 | D        | Found Archyigas's Antique Armour Boutique.
   323 | D        | Found Adweceex's Magic Scroll Boutique.
   323 | D        | Found Wonel's Antique Armour Shop.
   323 | D        | Found Lustaexzai's Distillery.
   324 | D        | Found Nonipno's Antique Armour Boutique.
   333 | D        | Found Quorphaun's Book Shop.
   334 | D        | Found Huxunkod's Jewellery Shop.
   335 | D        | Found Ciysseed's Assorted Antiques.
   335 | D        | Found Faurer's Antique Weapon Boutique.
   342 | D        | Found Ovadwiot's Book Shop.
   342 | D        | Found Newniq Yveq's Distillery.
   342 | D        | Noticed an ice dragon
   342 | D        | Noticed an oklob plant
   353 | D        | Found Nuiloople's Book Shop.
   353 | D        | Found Koplir's Distillery.
   353 | D        | Found Laenyic's Book Shoppe.
   387 | D        | Bought a twisted leather armour for 168 gold pieces
   387 | D        | Identified the +2 leather armour "Yvin Ivu" {Fly} (You
                  | bought it in a shop in the Dungeon)
   399 | D        | Bought a pair of glowing gloves for 135 gold pieces
   410 | D        | Noticed a cane toad
   415 | D        | Noticed a cane toad
   594 | D        | Found an opulent altar of Gozag.
   594 | D        | Found an iron altar of Okawaru.
   604 | D        | Found a shadowy altar of Dithmenos.
   604 | D        | Found a blossoming altar of Fedhas.
   604 | D        | Found a corrupted altar of Lugonu.
   604 | D        | Found a burning altar of Makhleb.
   604 | D        | Found a sparkling altar of Nemelex Xobeh.
   604 | D        | Found a hide-covered altar of Uskayaw.
   605 | D        | Found a snail-covered altar of Cheibriados.
   605 | D        | Found an ancient bone altar of Kikubaaqudgha.
   605 | D        | Found a bloodstained altar of Trog.
   605 | D        | Found a radiant altar of Vehumet.
   610 | D        | Noticed a polar bear
   610 | D        | Noticed a polar bear
   612 | D        | Noticed a hornet
   637 | D        | Killed a polar bear
   641 | D        | Killed a polar bear
   793 | D        | Noticed a yaktaur
   794 | D        | Noticed a polar bear
   814 | D        | Killed a yaktaur
   815 | D        | Reached skill level 8 in Fighting
   825 | D        | Found a basalt altar of Yredelemnul.
   825 | D        | Found a shimmering blue altar of Sif Muna.
   825 | D        | Found a viscous altar of Jiyva.
   826 | D        | Found a shimmering altar of Xom.
   826 | D        | Found a sacrificial altar of Ru.
   827 | D        | Found an ornate altar of the Wu Jian Council.
   841 | D        | Killed a hornet
   842 | D        | Reached skill level 5 in Armour
   856 | D        | Killed a polar bear
   857 | D        | Gained mutation: You have a tail ending in a sharp stinger.
                  | [demonic ancestry]
   857 | D        | Reached XP level 9. HP: 60/75 MP: 8/8
   954 | D        | Found a stormy altar of Qazlal.
   956 | D        | Found a hazy altar of Hepliaklqana.
   962 | D        | Became a worshipper of Trog the Wrathful
   974 | D        | Noticed a kraken
   996 | D        | Reached skill level 9 in Fighting
  1096 | D        | Reached * piety under Trog
  1154 | D        | Found the +5 glaive of the Guard {elec, spectral, AC+5}
  1366 | D        | Killed a boulder beetle
  1367 | D        | Reached skill level 10 in Dodging
  1386 | D        | Killed a boulder beetle
  1387 | D        | Reached skill level 10 in Fighting
  1406 | D        | Bought a pitted ring mail for 162 gold pieces
  1406 | D        | Identified the +0 ring mail "Kytey" {rPois Int+3} (You
                  | bought it in a shop in the Dungeon)
  1449 | D        | Noticed Roxanne
  1452 | D        | Noticed Kirke
  1452 | D        | Noticed a yaktaur captain
  1452 | D        | Noticed a kobold demonologist
  1487 | D        | Killed a yaktaur captain
  1488 | D        | Reached XP level 10. HP: 86/86 MP: 9/9
  1492 | D        | Noticed an elephant
  1522 | D        | Noticed a skeletal warrior
  1526 | D        | Killed an elephant
  1526 | D        | Reached ** piety under Trog
  1560 | D        | Killed a skeletal warrior
  1561 | D        | Reached skill level 11 in Fighting
  1627 | D        | Noticed a sun demon
  1630 | D        | Reached skill level 15 in Staves
  1633 | D        | Noticed a manticore
  1644 | D        | Noticed a lindwurm
  1645 | D        | Killed Kirke
  1645 | D        | Reached *** piety under Trog
  1661 | D        | Noticed a centaur warrior
  1685 | D        | Killed a centaur warrior
  1685 | D        | Reached **** piety under Trog
  1686 | D        | Reached skill level 12 in Fighting
  1686 | D        | Reached skill level 5 in Stealth
  1824 | D        | Reached ***** piety under Trog
  1829 | D        | Reached XP level 11. HP: 96/96 MP: 9/9
  1898 | D        | Received a gift from Trog
  1899 | D        | Reached skill level 13 in Fighting
  1995 | D        | Found Ceoros's Distillery.
  1995 | D        | Found Qaadwuil's Book Shop.
  1995 | D        | Found Wieniegh's Assorted Antiques.
  1995 | D        | Found Geinuuh's Magic Scroll Shoppe.
  1995 | D        | Found Dopuaf's Distillery.
  1996 | D        | Found Xoofironar's Armour Shoppe.
  1996 | D        | Found Hujamao's Antique Armour Boutique.
  1996 | D        | Found Cosoth's Antique Armour Emporium.
  1996 | D        | Found Duirabux's Book Shop.
  1996 | D        | Found Qymoepuh's Assorted Antiques.
  1996 | D        | Found Tuog's Antique Weapon Shop.
  1996 | D        | Found Mais's Antique Armour Shoppe.
  2008 | D        | Bought a slimy ring mail for 180 gold pieces
  2008 | D        | Identified the +0 ring mail of Generosity {rPois Regen+
                  | rCorr Int-4} (You bought it in a shop in the Dungeon)
  2041 | D        | Killed Roxanne
  2085 | D        | Noticed a storm dragon
  2099 | D        | Killed a storm dragon
  2100 | D        | Reached skill level 14 in Fighting
  2141 | D        | Found Ufufutog's Antique Weapon Boutique.
  2141 | D        | Found Dealy's General Store.
  2141 | D        | Found Rivuuf's Antique Weapon Shop.
  2141 | D        | Found Xolle's Distillery.
  2141 | D        | Noticed a golden dragon
  2155 | D        | Killed a golden dragon
  2235 | D        | Killed a kraken
  2236 | D        | Reached skill level 15 in Fighting
  2311 | D        | Noticed a deep troll
  2311 | D        | Noticed a deep troll
  2318 | D        | Killed a deep troll
  2326 | D        | Killed a deep troll
  2327 | D        | Gained mutation: A weak demonic guardian rushes to your
                  | aid. [demonic ancestry]
  2327 | D        | Reached XP level 12. HP: 105/110 MP: 3/10
  2389 | D        | Bought the +2 hood of the Assassin {Detect Stab+ Stlth++}
                  | for 1080 gold pieces
  2389 | D        | Found the +2 hood of the Assassin {Detect Stab+ Stlth++}
  2433 | D        | Found Qanom's Weapon Boutique.
  2453 | D        | Found the ring of Shadows {Umbra +Inv Stlth+}
  2453 | D        | Noticed a black draconian knight
  2454 | D        | Noticed the 27-headed Lernaean hydra
  2671 | D        | Killed an ice dragon
  2671 | D        | Identified the +8 quarterstaff of the Candelabrum
                  | {antimagic, Dex+4 SInv} (Trog gifted it to you in the
                  | Dungeon)
  2671 | D        | Received a gift from Trog
  2736 | D        | Killed a black draconian knight
  2737 | D        | Reached skill level 16 in Fighting
  2822 | D        | Identified the +1 pair of gloves of Minor Irritation {rF+
                  | Str+7}
  2940 | D        | Killed the 27-headed Lernaean hydra
  2973 | D        | Found Luonuys's Book Shoppe.
  2995 | D        | Identified the staff of conjuration "Vasooh" {Dex+6}
  2995 | D        | Identified the +4 short sword of the Hummingbird {holy,
                  | Contam rPois Int+6 SInv}
  3001 | D        | Received a gift from Trog
  3003 | D        | Found Nemeykh's Book Shoppe.
  3003 | D        | Identified the +2 pair of gloves "Feehusemm" {MP+9 Int+2}
  3170 | D        | Noticed a sphinx
  3170 | D        | Noticed a sphinx
  3186 | D        | Killed a sphinx
  3187 | D        | Reached skill level 10 in Armour
  3191 | D        | Killed a sphinx
  3191 | D        | Received a gift from Trog
  3192 | D        | Reached skill level 17 in Fighting
  3270 | D        | Reached ****** piety under Trog
  3309 | D        | Bought the +9 quarterstaff "Luqeciump" {venom, Contam
                  | Dex+5} for 863 gold pieces
  3328 | D        | Found Lunujedi's Jewellery Emporium.
  3329 | D        | Found Gutum's General Store.
  3332 | D        | Noticed Nessos
  3350 | D        | Killed Nessos
  3350 | D        | Received a gift from Trog
  3428 | D        | Lost mutation: Your body sometimes deteriorates upon taking
                  | damage. [potion of mutation]
  3428 | D        | Lost mutation: You frequently scream uncontrollably at your
                  | foes. [potion of mutation]
  3428 | D        | Lost mutation: Your magical capacity is low. (-10% MP)
                  | [potion of mutation]
  3428 | D        | Gained mutation: Your muscles are strong. (Str +4, Int/Dex
                  | -1) [potion of mutation]
  3428 | D        | Gained mutation: Your system is resistant to poisons.
                  | (rPois) [potion of mutation]
  3431 | D        | Noticed Gastronok
  3433 | D        | Killed Gastronok
  3433 | D        | Received a gift from Trog
  3434 | D        | Gained mutation: A demonic guardian rushes to your aid.
                  | [demonic ancestry]
  3434 | D        | Reached XP level 13. HP: 122/122 MP: 3/13
  3435 | D        | Noticed a dire elephant
  3447 | D        | Killed a dire elephant
  3451 | D        | Reached skill level 18 in Fighting
  3454 | D        | Reached skill level 15 in Dodging
  3454 | D        | Reached skill level 10 in Stealth
  3457 | D        | Received a gift from Trog
  3472 | D        | Identified the +0 scimitar "Liqucs" {protect, Str+3}
  3483 | D        | Identified the +0 pair of boots of Hoatulyr {rCorr Str+5
                  | Dex-5 Stlth+}
  3490 | D        | Identified the +1 chain mail "Feaggaox" {-Cast Harm Dex+7}
  3497 | D        | Identified the +1 hand axe of Calamity {holy, SInv}
  3501 | D        | Identified the +0 robe "Kudiupn" {+Blink rF++ Int+2}
  3503 | D        | Identified the amulet "Joumiucs" {Spirit -Tele rF+ rN+++
                  | Regen+}
  3563 | D        | Lost mutation: Your muscles are strong. (Str +4, Int/Dex
                  | -1) [mutagenic glow]
  3589 | D        | Noticed a deep elf blademaster
  3589 | D        | Gained mutation: You are weak. (Str -2) [mutagenic glow]
  3624 | D        | Gained mutation: You are very weak. (Str -4) [mutagenic
                  | glow]
  3625 | D        | Killed a deep elf blademaster
  3632 | D        | Received a gift from Trog
  3642 | D        | Lost mutation: You are very weak. (Str -4) [mutagenic glow]
  3845 | D        | Lost mutation: You sometimes lose your temper in combat. [a
                  | shining eye]
  3845 | D        | Gained mutation: Your spells are a little easier to cast,
                  | but a little less powerful. [a shining eye]
  3845 | D        | Gained mutation: You have large cloven feet. [a shining
                  | eye]
  3846 | D        | Gained mutation: Your spells are easier to cast, but less
                  | powerful. [a shining eye]
  3848 | D        | Paralysed by a floating eye for 4 turns
  3849 | D        | Gained mutation: You frequently scream uncontrollably at
                  | your foes. [a shining eye]
  3850 | D        | Gained mutation: Armour fits poorly on your strangely
                  | shaped body. [a shining eye]
  3851 | D        | Received a gift from Trog
  3852 | D        | Gained mutation: Your spells are much easier to cast, but
                  | much less powerful. [a shining eye]
  3854 | D        | Gained mutation: You sometimes lose your temper in combat.
                  | [a shining eye]
  3857 | D        | Paralysed by a floating eye for 2 turns
  3857 | D        | Gained mutation: You are very weak. (Str -4) [a shining
                  | eye]
  3858 | D        | Reached skill level 19 in Fighting
  3859 | D        | Gained mutation: You are frail. (-10% HP) [a shining eye]
  3859 | D        | Gained mutation: You occasionally lose the ability to read
                  | scrolls when taking damage. [a shining eye]
  3861 | D        | Received a gift from Trog
  3865 | D        | Gained mutation: Your magical capacity is low. (-10% MP) [a
                  | shining eye]
  3869 | D        | Received a gift from Trog
  3892 | D        | Lost mutation: Your magical capacity is low. (-10% MP)
                  | [potion of mutation]
  3892 | D        | Lost mutation: You frequently scream uncontrollably at your
                  | foes. [potion of mutation]
  3892 | D        | Gained mutation: You are covered in fur. (AC +1) [potion of
                  | mutation]
  3893 | D        | Lost mutation: You occasionally lose the ability to drink
                  | potions when taking damage. [potion of mutation]
  3893 | D        | Lost mutation: You are covered in fur. (AC +1) [potion of
                  | mutation]
  3893 | D        | Lost mutation: You occasionally shout uncontrollably at
                  | your foes. [potion of mutation]
  3893 | D        | Lost mutation: You are frail. (-10% HP) [potion of
                  | mutation]
  3893 | D        | Gained mutation: Your flesh is cold resistant. (rC+)
                  | [potion of mutation]
  3935 | D        | Noticed a purple draconian shifter
  3937 | D        | Noticed a hellephant
  3938 | D        | Noticed Sonja
  3945 | D        | Killed Sonja
  3947 | D        | Killed a purple draconian shifter
  3958 | D        | Killed a hellephant
  4026 | D        | Noticed a cacodemon
  4027 | D        | Noticed a bone dragon
  4027 | D        | Noticed a storm dragon
  4037 | D        | Killed a cacodemon
  4038 | D        | Reached skill level 20 in Fighting
  4040 | D        | Noticed a golden dragon
  4041 | D        | Noticed a frost giant
  4058 | D        | Killed a bone dragon
  4065 | D        | HP: 3/127 [deep elf high priest/divine providence (14)]
  4068 | D        | Killed from afar by a storm dragon

Illustrated notes

Levels and vault maps discovered:
D:        the_violet_keep_of_menkaure [sprint2_stairs_cluster_1,
          sprint2_shoproom, sprint2_temple, sprint2_basic_supplies,
          sprint2_obstacle_2, sprint2_obstacle_7, sprint2_obstacle_6,
          sprint2_obstacle_5, sprint2_obstacle_4, sprint2_timed_cluster_1,
          sprint2_smallroom_cluster_1, sprint2_smallroom_final_cluster_1,
          sprint2_transparent_cluster_1, sprint2_second_timed_cluster_1,
          sprint2_sniper_area_1, sprint2_heavy_combat_area_1,
          sprint2_mutation_trap_area_1, sprint2_forest_area_1,
          sprint2_light_combat_area_1, sprint2_behind_water_1,
          sprint2_near_end_vault_1]

Skill      XL: |  1  2  3  4  5  6  7  8  9 10 11 12 13 |
---------------+----------------------------------------+-----
Fighting       | 5 6 7 8 10 12 15 17 20 | 20.3
Staves         | 8 9 10 12 14 15 17 18 19 | 19.9
Throwing       | 4 5 6 |  6.1
Dodging        | 7 8 9 10 11 13 14 16 | 16.2
Stealth        | 1 2 3 5 7 9 10 | 10.8
Armour         | 2 5 6 7 9 11 13 | 13.2

Action                     |  1- 3 |  4- 6 |  7- 9 | 10-12 | 13-15 || total
---------------------------+-------+-------+-------+-------+-------++-------
  Melee: Quarterstaff      |    16 |    11 |   154 |   398 |   141 ||   720
         Tailslap          |       |       |    26 |    73 |    14 ||   113
  Throw: Throwing net      |     1 |       |     2 |     3 |       ||     6
 Invoke: Berserk           |       |       |     2 |    11 |     5 ||    18
         Brothers in Arms  |       |       |       |     4 |     3 ||     7
         Trog's Hand       |       |       |       |     1 |     3 ||     4
    Use: Potion            |     1 |       |       |     8 |     5 ||    14
         Scroll            |       |       |    11 |     1 |     1 ||    13
   Stab: Held in net/web   |     1 |       |       |     3 |       ||     4
         Distracted        |       |       |       |     2 |     1 ||     3
         Sleeping          |       |       |       |     4 |       ||     4
 Armour: Leather armour    |       |       |    32 |    69 |       ||   101
         Ice dragon scales |       |       |       |    52 |    44 ||    96
  Dodge: Dodged            |       |     1 |    84 |   323 |    66 ||   474
